 Dungeon Crawl Stone Soup version 0.31-a0-180-g519b7de00c (webtiles) character file.

Game seed: 15198453870735349595

131 qw the Chopper (level 5, -5/32 HPs)
             Began as a Gargoyle Fighter on June 20, 2023.
             Slain by a lemure (6 damage)
             ... led by Pikel
             ... on level 4 of the Dungeon.
             The game lasted 00:01:01 (2464 turns).

qw the Chopper (Gargoyle Fighter)                   Turns: 2464, Time: 00:01:01

Health: -5/32      AC: 16    Str: 24    XL:     5   Next: 14%
Magic:  5/5        EV:  8    Int:  9    God:
Gold:   42         SH:  4    Dex:  9    Spells: 4/4 levels left

rFire   x x .        Y - +0 war axe
rCold   + . .        c - +0 buckler
rNeg    + . .        o - +1 chain mail "Xaxeycin" {rF- Regen+ Str+3}
rPois   inf          (no helmet)
rElec   +            a - +0 cloak
rCorr   .            (no gloves)
SInv    +            g - +0 pair of boots
Will    .....        (no amulet) Stlth
                     e - ring of see invisible
HPRegen 1.05/turn    q - ring of ice
MPRegen 0.09/turn

%: no passive effects
@: no status effects
A: sickness immunity, AC +4, negative energy resistance 1, electricity
resistance, torment resistance 1, petrification resistance
a: no special abilities


You were on level 4 of the Dungeon.
You visited 1 branch of the dungeon, and saw 4 of its levels.

You collected 196 gold pieces.
You spent 154 gold pieces at shops.


Innate Abilities, Weirdness & Mutations

You are immune to sickness and miasma.
Your stone body is resilient. (AC +4)
You are immune to poison.
You resist negative energy. (rN+)
You are resistant to electric shocks. (rElec)
You are resistant to unholy torment.
You are immune to petrification.


   Skills:
 - Level 3.2 Fighting
 + Level 4.7 Axes
 - Level 3.2 Armour
 - Level 3.2 Shields


You had 4 spell levels left.
You didn't know any spells.
Your spell library was empty.

Inventory:

Hand Weapons
 i - a +0 flail
 Y - a +0 war axe (weapon)
Armour
 a - a +0 cloak (worn)
 c - a +0 buckler (worn)
 g - a +0 pair of boots (worn)
 o - the +1 chain mail "Xaxeycin" (worn) {rF- Regen+ Str+3}
   (You found it on level 3 of the Dungeon)

   Str:       It affects your strength (+3).
   rF:        It makes you vulnerable to fire.
   Regen:     It increases your rate of health regeneration.
Jewellery
 e - a ring of see invisible (left hand)
 q - a ring of ice (right hand)
Scrolls
 m - 2 scrolls of teleportation
Potions
 d - a potion of might
 f - a potion of berserk rage {unknown}
 h - 2 potions of heal wounds
 j - a potion of enlightenment {unknown}
 k - a potion of invisibility {unknown}
 l - a potion of curing
 n - a potion of attraction {unknown}

Dungeon Overview and Level Annotations

Branches:
Dungeon (4/15)
 Temple: D:4-7

Altars:
Qazlal
Xom

Shops:
D:3 *[![

Annotations:
D:4 Blork the orc, Pikel


Message History

You hit Pikel but do no damage. The lemure hits you but does no damage.
You block Pikel's attack. Pikel barely misses you.
You hit the lemure but do no damage.
The lemure is moderately wounded.
You slash the lemure! You closely miss Pikel.
The lemure hits you but does no damage. The lemure hits you.
Pikel hits you but does no damage.
You closely miss the lemure.
The lemure is moderately wounded.
You hit the lemure. You hit Pikel but do no damage.
The lemure barely misses you.
Blork the orc casts a spell.
Blork the orc seems to speed up.
The lemure hits you. Pikel hits you but does no damage.
You slash the lemure!
The lemure is severely wounded.
You barely miss the lemure. You closely miss Pikel.
The lemure hits you but does no damage. x2; Pikel barely misses you.
The lemure completely misses you. The lemure hits you. Pikel barely misses you.
You barely miss the lemure.
The lemure is severely wounded.
You slash Pikel! You barely miss the lemure. The lemure hits you.
Pikel hits you but does no damage. The lemure completely misses you.
You closely miss the lemure.
The lemure is severely wounded.
You hit the lemure but do no damage. You hit Pikel.
The lemure barely misses you.
Pikel hits you with a +1 whip of flaming.
Pikel burns you. The lemure hits you but does no damage.
You hit the lemure.
The lemure is almost dead.
You closely miss the lemure. You miss Pikel.
Blork the orc looks braver for a moment.
The lemure hits you. The lemure hits you but does no damage.
Pikel hits you with a +1 whip of flaming.
Pikel burns you. The lemure closely misses you. You block Pikel's attack.
The lemure hits you.
You die...

#####
########...#
.......<...##
######....@5#
####K#5#
#.#o# #.#.#
#.#.# #....
#.... .. ..


You could see Pikel, Blork the orc (fast) and 2 lemures.

Vanquished Creatures
  2 lemures (D:4)
  Jessica (D:3)
  Terence (D:2)
  3 adders
  2 worms
  2 dart slugs
  4 ball pythons
  6 endoplasms
  A giant cockroach (D:1)
  4 goblins (D:3)
  3 hobgoblins
  4 kobolds
  5 quokkas
  4 bats
  4 frilled lizards
  2 rats
48 creatures vanquished.

Notes
Turn   | Place    | Note
-------+----------+-------------------------------------------
     0 | D:1      | qw the Gargoyle Fighter began the quest for the Orb.
     0 | D:1      | Reached XP level 1. HP: 14/14 MP: 1/1
     0 | D:1      | 0 ||| qw: Version: 0.3-a-9-g12657ce
     0 | D:1      | 0 ||| qw: Game counter: 1139
     0 | D:1      | 0 ||| qw: Always use a shield: true
     0 | D:1      | 0 ||| qw: God list: Okawaru
     0 | D:1      | 0 ||| qw: Allow faded altars: false
     0 | D:1      | 0 ||| qw: Do Orc after D:15 true
     0 | D:1      | 0 ||| qw: Do second Lair branch before Depths: true
     0 | D:1      | 0 ||| qw: Lair rune preference: random
     0 | D:1      | 0 ||| qw: Plans: Normal, Zot:1-4, Slime:5, God:TSO, Crypt,
                  | Tomb, Abyss, Pan, Hells, Win
     0 | D:1      | 0 ||| PLANNING D:1-11
   280 | D:1      | Reached skill level 2 in Axes
   462 | D:1      | 462 ||| Stepping ~*~*~tactically~*~*~ (stealth).
   463 | D:1      | 463 ||| Stepping ~*~*~tactically~*~*~ (stealth).
   465 | D:1      | Reached XP level 2. HP: 19/19 MP: 2/2
   616 | D:1      | 616 ||| UPGRADING to +0 pair of boots.
   621 | D:1      | 621 ||| UPGRADING to ring of see invisible.
   622 | D:1      | 622 ||| READING scroll labelled JIQIMAEFIHA.
   633 | D:1      | 633 ||| READING scroll labelled GOCIES AMEY.
   711 | D:2      | 711 ||| Stepping ~*~*~tactically~*~*~ (hiding).
   714 | D:2      | 714 ||| Stepping ~*~*~tactically~*~*~ (hiding).
   824 | D:2      | 824 ||| Stepping ~*~*~tactically~*~*~ (hiding).
   871 | D:2      | Reached skill level 3 in Axes
   871 | D:2      | Reached XP level 3. HP: 23/23 MP: 3/3
   926 | D:2      | Found a faded altar of an unknown god.
  1060 | D:2      | Noticed Terence
  1069 | D:2      | Killed Terence
  1146 | D:2      | 1146 ||| Stepping ~*~*~tactically~*~*~ (hiding).
  1345 | D:2      | Reached XP level 4. HP: 28/28 MP: 4/4
  1500 | D:2      | 1500 ||| DROPPING ring of flight.
  1501 | D:2      | 1501 ||| READING scroll labelled WEBI GEKLU.
  1502 | D:2      | 1502 ||| READING scroll labelled DEGYZA IXTOL.
  1561 | D:3      | Found Raf Jya's Armour Shop.
  1571 | D:3      | Reached skill level 4 in Axes
  1581 | D:3      | 1581 ||| BUYING +0 cloak (58 gold).
  1581 | D:3      | Bought a +0 cloak for 58 gold pieces
  1581 | D:3      | 1581 ||| SHOPLISTING +0 plate armour (299 gold, have 76).
  1581 | D:3      | 1581 ||| SHOPLISTING +2 scale mail of Shielding {rPois rF+
                  | Str-5} (282 gold, have 76).
  1589 | D:3      | Noticed Jessica
  1590 | D:3      | 1590 ||| Stepping ~*~*~tactically~*~*~ (hiding).
  1594 | D:3      | Killed Jessica
  1775 | D:3      | Found Xeufefroduo's General Store.
  1782 | D:3      | 1782 ||| SHOPLISTING +1 scale mail of positive energy (156
                  | gold, have 106).
  1782 | D:3      | 1782 ||| BUYING potion of curing (36 gold).
  1782 | D:3      | Bought a potion of curing for 36 gold pieces
  1782 | D:3      | 1782 ||| BUYING potion of heal wounds (60 gold).
  1782 | D:3      | Bought a potion of heal wounds for 60 gold pieces
  1794 | D:3      | Identified the +1 chain mail "Xaxeycin" {rF- Regen+ Str+3}
  1854 | D:3      | 1854 ||| Stepping ~*~*~tactically~*~*~ (hiding).
  1861 | D:3      | 1861 ||| Stepping ~*~*~tactically~*~*~ (stealth).
  1952 | D:3      | Reached XP level 5. HP: 29/32 MP: 5/5
  1970 | D:3      | Found a stormy altar of Qazlal.
  2006 | D:3      | Found Locud's Antique Armour Boutique.
  2011 | D:3      | 2011 ||| SHOPLISTING runed ring mail (189 gold, have 26).
  2011 | D:3      | 2011 ||| SHOPLISTING runed scarf (216 gold, have 26).
  2011 | D:3      | 2011 ||| SHOPLISTING twisted ice dragon scales (1755 gold,
                  | have 26).
  2160 | D:3      | Found Pezxewe's Distillery.
  2163 | D:3      | 2163 ||| SHOPLISTING 2 potions of attraction (72 gold, have
                  | 26).
  2163 | D:3      | 2163 ||| SHOPLISTING potion of attraction (36 gold, have
                  | 26).
  2163 | D:3      | 2163 ||| SHOPLISTING potion of curing (36 gold, have 26).
  2163 | D:3      | 2163 ||| SHOPLISTING potion of haste (120 gold, have 26).
  2163 | D:3      | 2163 ||| SHOPLISTING potion of heal wounds (60 gold, have
                  | 26).
  2163 | D:3      | 2163 ||| SHOPLISTING potion of might (48 gold, have 26).
  2265 | D:3      | Found a shimmering altar of Xom.
  2389 | D:3      | 2389 ||| UPGRADING to +0 cloak.
  2394 | D:3      | 2394 ||| UPGRADING to +1 chain mail "Xaxeycin" {rF- Regen+
                  | Str+3}.
  2404 | D:3      | 2404 ||| DROPPING +0 scale mail.
  2405 | D:3      | 2405 ||| UPGRADING to ring of ice.
  2406 | D:3      | 2406 ||| READING scroll labelled SIACUK FORICAG.
  2439 | D:4      | Noticed a lemure
  2440 | D:4      | Noticed a lemure
  2444 | D:4      | Noticed a lemure
  2446 | D:4      | Noticed a lemure
  2446 | D:4      | Noticed Pikel
  2453 | D:4      | Killed a lemure
  2454 | D:4      | Noticed Blork the orc
  2458 | D:4      | Killed a lemure
  2464 | D:4      | HP: 6/32 [lemure[Pikel] (5)]
  2464 | D:4      | HP: 2/32 [Pikel/+1 whip of flaming (4)]
  2464 | D:4      | Slain by a lemure

Levels and vault maps discovered:
D:1:      lemuel_arrival_funnel, layout_loops_ring, corexii_hall_statues_t
D:2:      layout_loops_ring, shapermc_ecumenical_altar_notcrosses,
          wander_ebering_terrifying_dragon_lair, uniq_terence
D:3:      layout_loops_ring, lemuel_round_altar, mainiacjoe_overflow_chevrons,
          serial_shops, nicolae_shop_behind_doors, nicolae_shop_dealshenge,
          shop, nicolae_shop_temple_entry_statues_fountains, uniq_jessica
D:4:      layout_loops_ring, nicolae_overflow_hidden_temple,
          minmay_temple_entry_junction_2, uniq_natasha, uniq_pikel,
          uniq_blork_the_orc, uniq_grinder

Skill      XL: |  1  2  3  4 |
---------------+-------------+-----
Axes           | 2 3 4 |  4.7
Fighting       | |  3.2
Armour         | |  3.2
Shields        | |  3.2

Action                     |  1- 3 |  4- 6 || total
---------------------------+-------+-------++-------
  Melee: War axe           |    55 |    76 ||   131
  Throw: Boomerang         |    45 |     5 ||    50
    Use: Scroll            |     2 |     3 ||     5
 Armour: Scale mail        |    27 |    28 ||    55
         Chain mail        |       |    26 ||    26
  Dodge: Dodged            |    17 |    34 ||    51
  Block: Buckler           |     9 |    10 ||    19

Table legend:
 A = Non-vault XP
 B = Vault XP
 C = Vault XP percentage of total XP
 D = Non-vault monster count
 E = Vault monster count
 F = Vault count percentage of total count
                 A         B        C        D         E       F
            +---------+---------+-------+---------+---------+-------
      Total |     118 |      70 |  37.2 |      43 |       3 |   6.5
            +---------+---------+-------+---------+---------+-------
        D:1 |      13 |       0 |   0.0 |       8 |       0 |   0.0
        D:2 |      44 |      33 |  42.9 |      17 |       2 |  10.5
        D:3 |      61 |      37 |  37.8 |      18 |       1 |   5.3
            +---------+---------+-------+---------+---------+-------
